 Dungeon Crawl Stone Soup version 0.20.1-1-g8b1a95d66d (webtiles) character file.

38 Koyanaruu the Changer (level 3, 0/28 HPs)
             Began as a Centaur Wanderer on Dec 31, 2017.
             Succumbed to an adder's poison
             ... on level 2 of the Dungeon.
             The game lasted 00:07:55 (1567 turns).

Koyanaruu the Changer (Centaur Wanderer)            Turns: 1567, Time: 00:07:56

Health: 0/28       AC:  7    Str: 15    XL:     3   Next: 25%
Magic:  5/5        EV:  4    Int: 12    God:
Gold:   60         SH:  0    Dex:  7    Spells: 5/5 levels left

rFire    . . .     SeeInvis .   k - +3 hunting sling
rCold    . . .     Gourm    .   (no shield)
rNeg     . . .     Faith    .   l - +0 chain mail
rPois    .         Spirit   .   (no helmet)
rElec    .         Reflect  .   (no cloak)
rCorr    .         Harm     .   (no gloves)
MR       .....                  (no barding)
Stlth    ..........             (no amulet)
Regen    0.1/turn               (no ring)
MPRegen  0.1/turn               (no ring)

@: lethally poisoned (0 -> -5), very quick
A: hooves 3, deformed body, speed 2, tough skin 3
a: no special abilities


You were on level 2 of the Dungeon.
You were not hungry.

You visited 1 branch of the dungeon, and saw 2 of its levels.

You collected 60 gold pieces.

Inventory:

Hand Weapons
 d - a +0 club
 h - a +0 club
 k - a +3 hunting sling (weapon)
 o - a +0 club
Missiles
 e - 4 stones (quivered)
 n - 11 sling bullets
Armour
 a - a +2 scale mail
 j - a +0 robe
 l - a +0 chain mail (worn)
Scrolls
 m - 2 scrolls of remove curse
 p - a scroll of identify
Books
 b - the Guide on Cold

   Spells                             Type                      Level
   a - Throw Frost                    Conjuration/Ice              2
   b - Ensorcelled Hibernation        Hexes/Ice                    2
 c - Nacout's Handbook of Moulding

   Spells                             Type                      Level
   a - Sticks to Snakes               Transmutation                2
   b - Passwall                       Transmutation/Earth          2
Comestibles
 f - a bread ration
 g - 5 chunks of flesh
 i - a meat ration
 q - a royal jelly


   Skills:
 + Level 1.3 Fighting
 + Level 1.1 Maces & Flails
 + Level 2.1(2.3) Slings
 + Level 1.1(1.8) Throwing
 + Level 1.1 Armour
   Level 1.0 Shields
 + Level 1.9 Spellcasting
   Level 2.6 Transmutations


You had 5 spell levels left.
You didn't know any spells.

Dungeon Overview and Level Annotations

Branches:
Dungeon (2/15)

Altars:


Innate Abilities, Weirdness & Mutations

You have hooves in place of feet.
Armour fits poorly on your strangely shaped body.
You cover ground very quickly.
You have extremely tough skin. (AC +3)


Message History

* * * LOW HITPOINT WARNING * * *
You feel sick. The adder bites you.
* * * LOW HITPOINT WARNING * * *
The adder bites you but does no damage.
Firing (i - inventory. (,) - cycle):
e - 6 stones (quivered)
Press: ? - help, Shift-Dir - straight line, f/p - adder
Aim: an adder (moderately wounded)
You shoot a stone. The stone misses the adder.
* * * LOW HITPOINT WARNING * * *
You feel sick. The adder bites you but does no damage.
* * * LOW HITPOINT WARNING * * *
You feel sick.
Firing (i - inventory. (,) - cycle):
e - 5 stones (quivered)
Press: ? - help, Shift-Dir - straight line, f/p - adder
Aim: an adder (moderately wounded)
You shoot a stone. The stone barely misses the adder.
The adder bites you.
* * * LOW HITPOINT WARNING * * *
The adder bites you.
* * * LOW HITPOINT WARNING * * *
You die...

#......(.......)....###
#####.....#.#.#.#....(...(.
.....................†..###
#####........###.((..)(...#
#<......(......(((((#.#
####..##....#...($.((#
#.>...##S####....(......
#.##.##..# ####.###(((. #
#.##@## #... ..(. #.#..#
###.. .(. #.#.## .#. ..
#)..## #.. # ...
###....##...
...#....#......
#.#.#.###.....
#...#.###.....
##.....#..#...


You could see an adder.

Vanquished Creatures
  2 worms (D:2)
  A leopard gecko (D:1)
  3 bats
  8 goblins
  6 hobgoblins
  A kobold (D:2)
  A frilled lizard (D:1)
  6 rats
28 creatures vanquished.

Notes
Turn   | Place    | Note
-------+----------+-------------------------------------------
     0 | D:1      | Koyanaruu the Centaur Wanderer began the quest for the Orb.
     0 | D:1      | Koyanaruu set off with: a +2 scale mail, the Guide on Cold, Nacout's Handbook of Moulding, a +0 club, a bread ration
     0 | D:1      | Reached XP level 1. HP: 16/16 MP: 3/3
     0 | D:1      | Identified the Guide on Cold
     0 | D:1      | Identified Nacout's Handbook of Moulding
   695 | D:1      | Reached XP level 2. HP: 21/23 MP: 4/4
  1264 | D:1      | Reached skill level 1 in Slings
  1512 | D:2      | Reached XP level 3. HP: 28/28 MP: 5/5
  1566 | D:2      | HP: 1/28 [adder (1)]
  1567 | D:2      | Succumbed to an adder's poison

Skill      XL: |  1  2  3 |
---------------+----------+-----
Slings         | 1 2 |  2.1
Fighting       | |  1.3
Maces & Flails | |  1.1
Throwing       | |  1.1
Armour         | |  1.1
Shields        | |  1.0
Spellcasting   | |  1.9
Transmutations | |  2.6

Action                   || total
-------------------------++-------
Melee: Club              ||    12
       Kick              ||     2
 Fire: Hunting sling     ||    88
  Use: Scroll            ||     3
       Potion            ||     1
  Eat: Chunk             ||     1
Armor: Chain mail        ||    23
       Scale mail        ||     6
Dodge: Dodged            ||    13
